cohdb
Replays
Latest Replays
All Replays
Popular Replays
Top Player Replays
Match Explorer
How It Works
Community
CoH3 Stats
Reddit
Sign in to upload your games and track your stats! →
Sign in with Steam
Match 39745265
Unlisted
Match 39745265
Overview
Messages
Build Orders
End
Construct Barracks
Selects Advanced Infantry Battlegroup
Riflemen Squad
Riflemen Squad
Grenade Package
M1 Mortar Team
Mechanized Support Center
Riflemen Squad
Selects Convert to Ranger Squad
Convert to Ranger Squad
Construct Motor Pool
M1918 Browning Automatic Rifles
Selects Frontline Medical Station
M24 Chaffee Light Tank
M1 Anti-tank Gun Team
Selects Infantry Assault
Construct Weapon Support Center
Selects Ammunition Storage
TheCook
[GG]Onkel Stonkel
[GG]Quiq
meedlefinger
DaBadMan331
The Dude Abides
0
0
Comments
sign in to comment!
No comments posted yet!